 Dungeon Crawl Stone Soup version 0.29.1-15-g9cfb28693d (webtiles) character file.

Game seed: 1903710730817179547

3714 croobank the Firebug (level 9, -5/65 HPs)
             Began as a Demonspawn Fire Elementalist on Apr 17, 2023.
             Was an Initiate of Hepliaklqana.
             Slain by a gnoll sergeant
             ... wielding a +0 halberd
              (18 damage)
             ... in a bailey.
             The game lasted 00:31:26 (11962 turns).

croobank the Firebug (DsFE)                        Turns: 11962, Time: 00:31:26

Health: -5/65      AC:  4    Str:  9    XL:     9   Next: 91%
Magic:  6/16       EV: 13    Int: 26    God:    Hepliaklqana [......]
Gold:   486        SH:  0    Dex: 14    Spells: 6/17 levels left

rFire   + . .      SeeInvis .   l - +0 dagger
rCold   . . .      Faith    .   (no shield)
rNeg    . . .      Spirit   .   b - +1 leather armour
rPois   .          Reflect  .   (helmet restricted)
rElec   .          Harm     .   (no cloak)
rCorr   .          Rampage  .   (no gloves)
Will    .....                   (no boots)
Stlth   +++.......              (no amulet)
HPRegen 0.20/turn               h - ring of protection from fire
MPRegen 0.15/turn               j - +6 ring of intelligence

@: no status effects
A: horns 1, ignite blood 1, powered by pain 2
a: Renounce Religion


You were in a bailey.
You worshipped Hepliaklqana.
Hepliaklqana was noncommittal.
You visited 2 branches of the dungeon, and saw 9 of its levels.
You also visited: Bailey.

You collected 486 gold pieces.

Inventory:

Hand Weapons
 d - a +0 trident
 l - a +0 dagger (weapon)
 n - a +0 falchion
 o - a +4 hand axe
 q - a +2 whip of draining
 u - a +3 great sword
 I - a +1 war axe of venom
 J - a +0 scimitar
 K - a +0 short sword of protection
 L - a +2 dagger of venom
 N - a +0 sling
Missiles
 c - 4 javelins (quivered)
 p - 17 poisoned darts
 y - a curare-tipped dart
Armour
 a - a +0 robe
 b - a +1 leather armour (worn)
 f - a +0 ring mail
 B - a +0 cloak
Magical Staves
 z - a staff of death
Jewellery
 h - a ring of protection from fire (left hand)
 j - a +6 ring of intelligence (right hand)
Wands
 m - a wand of roots (4)
 r - a wand of mindburst (13)
 H - a wand of paralysis (4)
Scrolls
 e - a scroll of noise
 i - a scroll of enchant armour
 w - 2 scrolls of enchant weapon {unknown}
 F - a scroll of butterflies {unknown}
 G - a scroll of immolation {unknown}
Potions
 g - a potion of cancellation
 k - 3 potions of flight
 s - 2 potions of mutation
 v - a potion of attraction
 A - 3 potions of curing
 C - 2 potions of brilliance {unknown}
 D - a potion of resistance {unknown}
 E - a potion of ambrosia {unknown}
 M - a potion of lignification {unknown}


   Skills:
 + Level 4.0 Fighting
 - Level 3.3 Armour
 + Level 4.7 Dodging
 + Level 5.2 Stealth
 + Level 4.7 Spellcasting
 + Level 4.8 Conjurations
 + Level 3.7 Hexes
 + Level 5.2 Summonings
 + Level 5.2 Fire Magic
 * Level 2.4 Invocations


You had 6 spell levels left.
You knew the following spells:

 Your Spells              Type           Power      Damage    Failure   Level
a - Foxfire               Conj/Fire      100%       2x1d9     1%          1
b - Scorch                Fire           66%        2d8       1%          2
c - Inner Flame           Hex/Fire       29%        N/A       5%          3
d - Blink                 Tloc           12%        N/A       16%         2
e - Summon Guardian Gole  Hex/Summ       29%        N/A       5%          3

Your spell library contained the following spells:

 Spells                   Type           Power      Damage    Failure   Level
 Summon Small Mammal      Summ           100%       N/A       1%          1
 Call Canine Familiar     Summ           33%        N/A       3%          3
 Conjure Flame            Conj/Fire      32%        6-21      4%          3
 Apportation              Tloc           12%        N/A       11%         1
 Flame Wave               Conj/Fire      32%        2d9       14%         4
 Alistair's Intoxication  Tmut/Pois      4%         N/A       96%         5
 Manifold Assault         Tloc           6%         N/A       96%         5
 Storm Form               Tmut/Air       3%         N/A       100%        7


Dungeon Overview and Level Annotations

Branches:
Dungeon (8/15)             Temple (1/1) D:7          Bailey (1/1)
   Lair: D:8-11

Altars:
Ashenzari
Cheibriados
Dithmenos
Fedhas
Gozag
Hepliaklqana
Makhleb
Nemelex Xobeh
Okawaru
Qazlal
Ru
Sif Muna
Trog
Uskayaw
Vehumet
Wu Jian
Xom

Annotations:
Temple 2 transporters


Innate Abilities, Weirdness & Mutations

You have a pair of small horns on your head.
Your demonic aura sometimes causes spilled blood to erupt in flames.
You sometimes gain power by taking damage.


Message History

You throw a throwing net.
The throwing net barely misses the gnoll sergeant.
The throwing net barely misses the gnoll.
The throwing net completely misses the gnoll sergeant.
Your attacks no longer feel as feeble.
Casting: Foxfire (safe; 1% risk of failure)
Confirm with . or Enter, or press ? or * to list all spells.
Flames lash the gnoll but do no damage.
The gnoll is no longer moving quickly.
The gnoll sergeant closely misses you.
Casting: Scorch (safe; 1% risk of failure)
Confirm with . or Enter, or press ? or * to list all spells.
Flames lash the gnoll sergeant but do no damage.
Your surroundings suddenly seem different.
A gnoll sergeant comes into view. It is wielding a +0 halberd.
The gnoll sergeant shouts!
The gnoll sergeant closely misses you. The gnoll sergeant misses you.
You barely miss the gnoll sergeant.
The gnoll sergeant hits you with a +0 halberd!
* * * LOW HITPOINT WARNING * * *
Casting: Scorch (safe; 1% risk of failure)
Confirm with . or Enter, or press ? or * to list all spells.
Flames lash the gnoll sergeant.
The gnoll sergeant is lightly wounded.
The gnoll sergeant's fire resistance burns away.
The gnoll sergeant closely misses you.
Casting: Scorch (safe; 1% risk of failure)
Confirm with . or Enter, or press ? or * to list all spells.
Flames lash the gnoll sergeant but do no damage.
The gnoll sergeant closely misses you.
Casting: Scorch (safe; 1% risk of failure)
Confirm with . or Enter, or press ? or * to list all spells.
Flames lash the gnoll sergeant.
The gnoll sergeant is burned terribly!
The gnoll sergeant is severely wounded.
The gnoll sergeant closely misses you.
Casting: Scorch (safe; 1% risk of failure)
Confirm with . or Enter, or press ? or * to list all spells.
Flames lash the gnoll sergeant but do no damage.
The gnoll sergeant hits you with a +0 halberd!!
You die...

♣≈ #...# ≈♣
♣≈ ##)## ≈♣
♣≈ #... ≈♣
♣≈ #.... ≈♣
♣≈ #.....
≈♣
♣≈###+#..$8
≈♣
#...#....
#...##...
#g@..##
#8....#
#.....#
##....+
##...#
#####


You could see a gnoll sergeant (combustible).

Vanquished Creatures
  Joseph (D:7)
  Prince Ribbit (D:6)
  A wyvern (D:6)
  A water moccasin (D:6)
  Duvessa (D:7)
  2 sky beasts (D:7)
  An ice beast (D:5)
  4 ogres
  3 centaurs
  2 phantoms
  A bullfrog (D:7)
  2 necrophages
  2 scorpions
  13 wights
  Dowan (D:7)
  3 jellies
  5 hounds
  4 orc priests
  A gnoll bouda (D:6)
  3 iguanas
  11 adders
  8 gnolls
  3 river rats (D:6)
  2 shadow imps
  3 worms
  4 dart slugs
  13 orcs
  7 endoplasms
  4 giant cockroaches
  6 goblins
  13 hobgoblins
  9 kobolds
  4 quokkas
  7 ball pythons
  6 bats
  5 frilled lizards
  6 rats
163 creatures vanquished.

Vanquished Creatures (collateral kills)
  A foxfire (D:2)
1 creature vanquished.

Vanquished Creatures (others)
  A hound (Bailey)
  A gnoll (Bailey)
  A demonic plant (D:2)
  434 foxfires
  5 fungi (D:2)
  3 plants (D:2)
445 creatures vanquished.

Grand Total: 609 creatures vanquished

Notes
Turn   | Place    | Note
-------+----------+-------------------------------------------
     0 | D:1      | croobank the Demonspawn Fire Elementalist began the quest
                  | for the Orb.
     0 | D:1      | Reached XP level 1. HP: 13/13 MP: 3/3
   631 | D:1      | Gained mutation: You sometimes gain a little power by
                  | taking damage. [demonic ancestry]
   631 | D:1      | Reached XP level 2. HP: 19/19 MP: 1/5
   934 | D:1      | Learned a level 2 spell: Scorch
  1225 | D:1      | Gained mutation: Your demonic aura sometimes causes spilled
                  | blood to erupt in flames. [demonic ancestry]
  1225 | D:1      | Reached XP level 3. HP: 17/24 MP: 1/6
  1309 | D:1      | Learned a level 3 spell: Inner Flame
  1932 | D:2      | Found a faded altar of an unknown god.
  2247 | D:2      | Gained mutation: You sometimes gain power by taking damage.
                  | [demonic ancestry]
  2247 | D:2      | Reached XP level 4. HP: 29/30 MP: 0/7
  3867 | D:3      | Found an opulent altar of Gozag.
  4194 | D:3      | Reached XP level 5. HP: 35/35 MP: 4/9
  5792 | D:4      | Reached XP level 6. HP: 41/41 MP: 10/10
  6296 | D:5      | Entered Level 5 of the Dungeon
  6550 | D:5      | Reached skill level 1 in Fighting
  6837 | D:5      | Learned a level 2 spell: Blink
  6841 | D:5      | Learned a level 3 spell: Summon Guardian Golem
  6856 | D:5      | Found a broken altar of Ashenzari.
  6878 | D:5      | Reached skill level 1 in Armour
  7188 | D:5      | Noticed an ice beast
  7197 | D:5      | Killed an ice beast
  7198 | D:5      | Reached skill level 1 in Summonings
  7198 | D:5      | Reached XP level 7. HP: 48/48 MP: 6/11
  7251 | D:5      | Found a snail-covered altar of Cheibriados.
  7298 | D:5      | Found a radiant altar of Vehumet.
  7370 | D:5      | Reached skill level 1 in Hexes
  7533 | D:6      | Noticed a wyvern
  7537 | D:6      | Killed a wyvern
  7678 | D:6      | Reached XP level 8. HP: 24/56 MP: 4/13
  7979 | D:6      | Noticed Prince Ribbit
  7985 | D:6      | Killed Prince Ribbit
  9592 | D:7      | Gained mutation: You have a pair of small horns on your
                  | head. [demonic ancestry]
  9592 | D:7      | Reached XP level 9. HP: 60/63 MP: 8/15
 10174 | D:7      | Found a sparkling altar of Nemelex Xobeh.
 10262 | D:7      | Noticed Dowan
 10263 | D:7      | Noticed Duvessa
 10273 | D:7      | Killed Dowan
 10279 | D:7      | Killed Duvessa
 10833 | D:7      | Noticed Joseph
 10843 | D:7      | Killed Joseph
 10844 | D:7      | Reached skill level 5 in Fire Magic
 11161 | D:7      | Found a staircase to the Ecumenical Temple.
 11170 | Temple   | Entered the Ecumenical Temple
 11170 | Temple   | Found a transporter.
 11170 | Temple   | Found a transporter.
 11172 | Temple   | Found a transporter.
 11172 | Temple   | Found a transporter.
 11191 | Temple   | Became a worshipper of Hepliaklqana the Forgotten
 11310 | D:8      | Reached skill level 5 in Summonings
 11319 | D:8      | Reached skill level 5 in Stealth
 11319 | D:8      | Reached skill level 1 in Invocations
 11593 | D:8      | Found a flagged portal.
 11684 | Bailey   | Entered a bailey
 11962 | Bailey   | Slain by a gnoll sergeant

Illustrated notes

Levels and vault maps discovered:
D:1:      lightli_arrival_chessboard, layout_loops_corners, minmay_ruptured
D:2:      layout_basic, shapermc_ecumenical_altar_gd, corexii_shack
D:3:      layout_basic, grunt_gozag_breadcrumbs, mainiacjoe_overflow_catwalk,
          nicolae_tso_swordbearing_angel
D:4:      layout_loops_corners
D:5:      layout_loops_corners, lemuel_coloured_pillars_altar,
          nicolae_ashenzari_panopticon, overflow_temple_1_default,
          minmay_misc_feat_rows
D:6:      layout_loops_ring, gup_sewer_entry_spiral, corexii_shack,
          uniq_prince_ribbit1
D:7:      hellmonk_ruined_rings, layout_gridville, mainiacjoe_overflow_24_doors,
          lemuel_temple_firewalk_b, uniq_duvessa, uniq_joseph
D:8:      minmay_thinvault, layout_loops_ring, david_lair_shrubbed,
          enter_bailey_3, uniq_psyche
Temple:   hellmonk_temple_divided_pantheon
Bailey:   bailey_polearm_gnolls_kennysheep, bailey

Skill      XL: |  1  2  3  4  5  6  7  8  9 |
---------------+----------------------------+-----
Stealth        | 2 3 4 5 |  5.2
Dodging        | 2 3 4 |  4.7
Fire Magic     | 3 4 5 |  5.2
Conjurations   | 2 3 4 |  4.8
Spellcasting   | 3 4 |  4.7
Fighting       | 1 2 3 4 |  4.0
Armour         | 1 2 3 |  3.3
Summonings     | 1 2 4 5 |  5.2
Hexes          | 1 2 3 |  3.7
Invocations    | 2 |  2.4

Action                   |  1- 3 |  4- 6 |  7- 9 || total
-------------------------+-------+-------+-------++-------
Melee: Unarmed           |    43 |       |       ||    43
       Dagger            |     2 |    45 |    82 ||   129
       Punch             |       |     1 |       ||     1
       Headbutt          |       |       |    11 ||    11
Throw: Throwing net      |       |       |     5 ||     5
       Dart              |       |       |     2 ||     2
 Cast: Foxfire           |    51 |    98 |    99 ||   248
       Scorch            |    13 |    37 |    90 ||   140
       Summon Guardian G |       |       |     1 ||     1
Evoke: Wand              |       |       |     8 ||     8
  Use: Scroll            |     2 |     9 |     5 ||    16
       Potion            |     1 |     3 |     3 ||     7
 Stab: Sleeping          |       |     1 |     2 ||     3
       Paralysed         |       |       |     6 ||     6
Armor: Robe              |    14 |     1 |       ||    15
       Leather armour    |       |     6 |    28 ||    34
Dodge: Dodged            |    43 |    43 |   117 ||   203
